 Dungeon Crawl Stone Soup version 0.30-a0-715-gdb4ae3ece1 (webtiles) character file.

Game seed: 11322420388216006860

463 ragingrage the Slasher (level 6, -2/44 HPs)
             Began as a Demonspawn Warper on Jan 23, 2023.
             Was a Believer of Trog.
             Slain by an orc warrior
             ... wielding a +0 trident
              (6 damage)
             ... on level 4 of the Dungeon.
             The game lasted 00:04:37 (4193 turns).

ragingrage the Slasher (Demonspawn Warper)          Turns: 4193, Time: 00:04:38

Health: -2/44      AC:  5    Str: 11    XL:     6   Next: 79%
Magic:  9/9        EV: 12    Int: 12    God:    Trog [**....]
Gold:   98         SH:  0    Dex: 15    Spells: 7/9 levels left

rFire   . . .      SeeInvis +    b - +1 dagger (venom)
rCold   + . .      Faith    .    (no shield)
rNeg    . . .      Spirit   .    i - +1 robe "Zitoir" {rC+}
rPois   +          Reflect  .    (helmet unavailable)
rElec   .          Harm     .    x - +0 cloak
rCorr   .          Rampage  .    (no gloves)
Will    .....      Clarity  +    m - +0 pair of boots
Stlth   +++                      (no amulet)
HPRegen 0.27/turn                H - ring of poison resistance
MPRegen 0.22/turn                (no ring)

@: no status effects
A: antennae 3, magic regeneration, demonic touch 1, clarity, dopey 1
a: Renounce Religion, Berserk, Trog's Hand


You were on level 4 of the Dungeon.
You worshipped Trog.
Trog was pleased with you.
You visited 1 branch of the dungeon, and saw 5 of its levels.

You collected 223 gold pieces.
You spent 125 gold pieces at shops.

Inventory:

Hand Weapons
 a - a +0 scimitar of draining
 b - a +1 dagger of venom (weapon)
 w - a +2 dagger of speed
 z - a +0 sling
Missiles
 d - 7 boomerangs of dispersal (quivered)
 h - 4 silver javelins
 A - 2 poisoned darts
Armour
 i - the +1 robe "Zitoir" (worn) {rC+}
   (You found it on level 2 of the Dungeon)

   rC:        It protects you from cold.
 m - a +0 pair of boots (worn)
 n - a +0 leather armour
 x - a +0 cloak (worn)
Jewellery
 p - a ring of ice
 G - a ring of ice
 H - a ring of poison resistance (left hand)
Scrolls
 c - 2 scrolls of blinking
 e - 8 scrolls of identify {unknown}
 j - 2 scrolls of fog {unknown}
 k - a scroll of noise {unknown}
 o - 5 scrolls of teleportation
 q - a scroll of magic mapping {unknown}
 r - a scroll of immolation {unknown}
 u - 2 scrolls of vulnerability {unknown}
 v - a scroll of acquirement {unknown}
 y - a scroll of enchant weapon {unknown}
 C - a scroll of amnesia {unknown}
 E - a scroll of summoning
 J - a scroll of silence {unknown}
Potions
 f - a potion of lignification
 g - a potion of haste
 l - a potion of berserk rage {unknown}
 s - a potion of cancellation
 t - a potion of mutation
 B - a potion of might {unknown}
 D - 2 potions of brilliance {unknown}
 F - a potion of heal wounds {unknown}
 I - 2 potions of attraction {unknown}


   Skills:
 - Level 2.0 Fighting
 + Level 5.6 Long Blades
 - Level 0.8 Throwing
 - Level 0.8 Armour
 - Level 1.7 Dodging
 + Level 3.8 Stealth
 - Level 2.0 Spellcasting
 - Level 2.6 Translocations


You had 7 spell levels left.
You knew the following spells:

 Your Spells              Type           Power      Damage    Failure   Level
a - Blink                 Tloc           14%        N/A       14%         2

Your spell library contained the following spells:

 Spells                   Type           Power      Damage    Failure   Level
 Lesser Beckoning         Tloc           14%        N/A       14%         2
 Freeze                   Ice            4%         1d3       26%         1
 Teleport Other           Tloc           7%         N/A       26%         3
 Vhi's Electric Charge    Tloc/Air       8%         N/A       43%         3
 Frozen Ramparts          Ice            2%         1d1       63%         3
 Hailstorm                Conj/Ice       1%         3d3       63%         3
 Manifold Assault         Tloc           7%         N/A       65%         4


Dungeon Overview and Level Annotations

Branches:
Dungeon (5/15)
 Temple: D:4-7

Altars:
Cheibriados
Gozag
Trog

Shops:
D:2 ?


Innate Abilities, Weirdness & Mutations

You have a pair of large antennae on your head. (SInv)
You regenerate magic rapidly.
Your touch may inflict minor irresistible damage on your foes.
You possess an exceptional clarity of mind.
You are dopey. (Int -2)


Message History

You hit the scorpion but do no damage.
The scorpion is poisoned.
Your touch misses the scorpion.
The scorpion is almost dead.
You kill the scorpion!
Trog accepts your kill. The orc warrior barely misses you.
Found 15 gold pieces.
The orc wizard casts a spell at you.
You are confused.
The orc shouts!
The orc warrior barely misses you.
The orc warrior attacks as you move away!
The orc warrior hits you with a +0 trident!
* * * LOW HITPOINT WARNING * * *
It was a potion of lignification.
You turn into a tree.
Your +0 cloak melds into your body.
Your +0 pair of boots melds into your body.
The +1 robe "Zitoir" {rC+} melds into your body.
Your roots penetrate the ground.
Unknown command.
It was a potion of haste.
You feel yourself speed up.
The orc warrior hits you but does no damage.
It was a potion of cancellation.
Your magical effects are unravelling.
You feel magically purged.
You feel less wooden.
Your +0 cloak unmelds from your body.
Your +0 pair of boots unmelds from your body.
The +1 robe "Zitoir" {rC+} unmelds from your body.
You feel yourself slow down.
You feel less confused.
The orc warrior hits you with a +0 trident!
* * * LOW HITPOINT WARNING * * *
The orc hits you with a +0 hand axe.
* * * LOW HITPOINT WARNING * * *
There is nothing to cancel.
It was a potion of mutation.
You feel extremely strange.
You feel stupid.
Your thoughts seem clearer.
The antennae on your head grow some more.
The orc warrior hits you with a +0 trident.
You die...

# #.####.####..##......o..# #
#.####.#####..#.#######o#### #
#.#.....<[.......###..[....#
#####.#......###.##...##....##o#
....#.#......# #.##.#..+....##.##
....#.#......# #.##.####....##)..
....#.#....... #.##.# #........#
....#.#......#.#.##.####........#
......#......#.#@o..............#
....##########.##o#.##..........#
..### #....#.##...##.....# ..#
####o#o# #.##...... ..### #.#.#
#......... #...#######
##.#.####..#...... #..........
#.......#..#....)# #..........
#$.#.##.#..#.#.... #..........
#..#... #..#....##


You could see an orc warrior, an orc wizard and an orc.

Vanquished Creatures
  A sky beast (D:5)
  2 scorpions
  A hound (D:5)
  A jelly (D:5)
  An iguana (D:5)
  A gnoll (D:1)
  6 adders
  A worm (D:2)
  4 dart slugs
  2 orcs
  6 ball pythons
  10 bats
  3 endoplasms
  6 giant cockroaches
  10 goblins
  2 hobgoblins
  4 jackals (D:2)
  7 quokkas
  6 frilled lizards
  9 kobolds
  5 rats
88 creatures vanquished.

Vanquished Creatures (others)
  6 plants (D:1)
6 creatures vanquished.

Grand Total: 94 creatures vanquished

Notes
Turn   | Place    | Note
-------+----------+-------------------------------------------
     0 | D:1      | ragingrage the Demonspawn Warper began the quest for the
                  | Orb.
     0 | D:1      | Reached XP level 1. HP: 16/16 MP: 3/3
   187 | D:1      | Reached skill level 2 in Long Blades
   281 | D:1      | Gained mutation: You regenerate magic rapidly. [demonic
                  | ancestry]
   281 | D:1      | Reached XP level 2. HP: 20/22 MP: 5/5
   370 | D:2      | Identified the +1 robe "Zitoir" {rC+}
   401 | D:2      | Reached skill level 3 in Long Blades
   484 | D:2      | Learned a level 2 spell: Blink
   651 | D:2      | Discovered your monstrous ancestry.
   651 | D:2      | Gained mutation: You have a pair of small antennae on your
                  | head. [demonic ancestry]
   651 | D:2      | Reached XP level 3. HP: 21/27 MP: 6/6
   819 | D:2      | Found Utaap's Magic Scroll Shoppe.
   836 | D:2      | Bought a scroll of teleportation for 30 gold pieces
  1017 | D:2      | Found a faded altar of an unknown god.
  1270 | D:2      | Prayed at the altar of an unknown god.
  1270 | D:2      | Became a worshipper of Trog the Wrathful
  1270 | D:2      | Reached * piety under Trog
  1407 | D:1      | Reached skill level 4 in Long Blades
  1407 | D:1      | Reached XP level 4. HP: 21/33 MP: 7/7
  2208 | D:3      | Found an opulent altar of Gozag.
  2268 | D:3      | Found a snail-covered altar of Cheibriados.
  2336 | D:3      | Reached skill level 1 in Stealth
  2367 | D:3      | Reached ** piety under Trog
  2830 | D:2      | Bought a scroll of summoning for 95 gold pieces
  3054 | D:4      | Noticed an orc warrior
  3206 | D:5      | Entered Level 5 of the Dungeon
  3223 | D:5      | Gained mutation: Your touch may inflict minor irresistible
                  | damage on your foes. [demonic ancestry]
  3223 | D:5      | Reached XP level 5. HP: 38/38 MP: 8/8
  3586 | D:5      | Noticed a sky beast
  3600 | D:5      | Killed a sky beast
  3601 | D:5      | Reached skill level 5 in Long Blades
  3601 | D:5      | Gained mutation: You have a pair of antennae on your head.
                  | [demonic ancestry]
  3601 | D:5      | Reached XP level 6. HP: 25/44 MP: 9/9
  4152 | D:4      | Identified the +8 chain mail of Vunt {Harm Str+4}
  4193 | D:4      | Gained mutation: You are dopey. (Int -2) [potion of
                  | mutation]
  4193 | D:4      | Gained mutation: You possess an exceptional clarity of
                  | mind. [potion of mutation]
  4193 | D:4      | Gained mutation: You have a pair of large antennae on your
                  | head. (SInv) [potion of mutation]
  4193 | D:4      | Slain by an orc warrior

Illustrated notes

Levels and vault maps discovered:
D:1:      amcnicky_arrival_single_pillar, layout_basic, st_stairs_13,
          chequers_serial_rivers_micro_e, nicolae_grassy_gnolls
D:2:      layout_rooms, hellmonk_ecumenical_altar_dog_temple, serial_shops,
          shop, minmay_tetromino_t4
D:3:      layout_loops_ring, minmay_overflow_temple_star_quad, st_stairs_11,
          chequers_serial_rivers_micro_e
D:4:      layout_basic
D:5:      layout_loops_ring

Skill      XL: |  1  2  3  4  5 |
---------------+----------------+-----
Long Blades    | 2 3 4 5 |  5.6
Stealth        | 1 3 |  3.8
Fighting       | |  2.0
Throwing       | |  0.8
Armour         | |  0.8
Dodging        | |  1.7
Spellcasting   | |  2.0
Translocations | |  2.6

Action                     |  1- 3 |  4- 6 || total
---------------------------+-------+-------++-------
  Melee: Falchion          |   156 |    92 ||   248
         Punch             |     2 |     1 ||     3
         Dagger            |       |    20 ||    20
         Scimitar          |       |    33 ||    33
         Touch             |       |     8 ||     8
  Throw: Javelin           |     1 |       ||     1
 Invoke: Berserk           |       |     1 ||     1
    Use: Potion            |       |     4 ||     4
   Stab: Sleeping          |       |     5 ||     5
 Armour: Leather armour    |    24 |       ||    24
         Robe              |    32 |    54 ||    86
         Skin              |       |     1 ||     1
  Dodge: Dodged            |   133 |   124 ||   257

Table legend: (Time is in decaauts)
 A = Elapsed time spent in this place.
 B = Non-inter-level travel time spent in this place.
 C = Inter-level travel time spent in this place.
 D = Time resting spent in this place.
 E = Time spent auto-exploring this place.
 F = Levels seen in this place.
 G = Mean time per level.
                   A        B        C        D        E       F      G
               +--------+--------+--------+--------+--------+-----+--------+
         Total |   4240 |   3872 |    368 |    791 |   2123 |   5 |  848.0 |
       Dungeon |   4240 |   3872 |    368 |    791 |   2123 |   5 |  848.0 |
               +--------+--------+--------+--------+--------+-----+--------+

Top non-repeatable levels by time:
     D:2: 1053 daAuts
     D:1: 1015 daAuts
     D:3: 941 daAuts
     D:5: 649 daAuts
     D:4: 580 daAuts
